 Dungeon Crawl Stone Soup version 0.25.1-2-g60ff931df9 (webtiles) character file.

Game seed: 10789343628863786072

489628 DoubleLucky the Impregnable (level 25, -4/176 HPs)
             Began as a Gargoyle Fighter on Oct 1, 2020.
             Was a High Priest of Qazlal.
             Killed from afar by a lich (26 damage)
             ... with a bolt of acid
             ... on level 5 of the Vaults on Oct 2, 2020.
             The game lasted 05:25:13 (54180 turns).

DoubleLucky the Impregnable (Gargoyle Fighter)     Turns: 54180, Time: 05:25:14

Health: -4/176     AC: 67    Str: 29    XL:     25   Next: 2%
Magic:  19/33      EV:  8    Int: 13    God:    Qazlal [*****.]
Gold:   4050       SH: 29    Dex:  9    Spells: 22/24 levels left

rFire    . . .     SeeInvis +   h - +7 flail (protect)
rCold    . . .     Gourm    .   W - +0 tower shield
rNeg     + + +     Faith    .   D - +8 chain mail of Reason {+Inv rN+++ Int-2}
rPois    ∞         Spirit   .   (no helmet)
rElec    +         Reflect  .   O - +1 cloak
rCorr    .         Harm     .   J - +1 pair of gloves
MR       +++..                  Q - +2 pair of boots {run}
Stlth    ..........             R - amulet of regeneration
HPRegen  0.79/turn              N - ring of the Mage {Wiz MR++ Int+3}
MPRegen  0.23/turn              d - ring of see invisible

@: protected from physical damage, protection aura, very slightly contaminated,
repel missiles, quick
A: big wings, molten scales 1, slimy green scales 1, deterioration 1, low mp 1,
negative energy resistance 1, electricity resistance, unbreathing, petrification
resistance, rot immunity, AC +19
}: 2/15 runes: serpentine, barnacled
a: Fly, Upheaval, Elemental Force, Disaster Area, Renounce Religion, Evoke
Invisibility


You were on level 5 of the Vaults.
You worshipped Qazlal.
Qazlal was extremely pleased with you.
You were near starving.

You visited 8 branches of the dungeon, and saw 40 of its levels.
You visited the Abyss 2 times.
You visited 1 bazaar.
You also visited: Sewer, Gauntlet, Ice Cave, Volcano and Wizlab.

You collected 5318 gold pieces.
You spent 1268 gold pieces at shops.

Inventory:

Hand Weapons
 h - a +7 flail of protection (weapon)
 C - the +8 spear of Vawuga {elec, rPois Str-4 Int+2}
   (You found it on level 4 of the Shoals)

   Occasionally, upon striking a foe, it will discharge some electrical energy
   and cause terrible harm.
   It affects your strength (-4).
   It affects your intelligence (+2).
   It protects you from poison.
 S - the +2 hand axe of Vengeance {elec, +Fly rF+ Str+4}
   (You found it on level 14 of the Dungeon)

   Occasionally, upon striking a foe, it will discharge some electrical energy
   and cause terrible harm.
   It affects your strength (+4).
   It protects you from fire.
   It lets you fly.
Missiles
 e - 79 silver javelins
 H - 9 throwing nets (quivered)
Armour
 b - the +2 cloak of the Thief {+Fog Slay-2 SInv Stlth+}
   (You found it on level 4 of the Shoals)

   It affects your accuracy and damage with ranged weapons and melee attacks
   (-2).
   It lets you see invisible.
   It makes you more stealthy.
 c - a +1 kite shield
 o - +0 fire dragon scales
 D - the +8 chain mail of Reason (worn) {+Inv rN+++ Int-2}
   (You found it on level 7 of the Dungeon)

   It affects your intelligence (-2).
   It renders you almost immune to negative energy.
   It lets you turn invisible.
 J - a +1 pair of gloves (worn)
 O - a +1 cloak (worn)
 Q - a +2 pair of boots of running (worn)
 T - the +1 pair of gloves "Kavovva" {+Fly rElec rC++ Slay-3}
   (You took it off Nikola on level 1 of the Vaults)

   It affects your accuracy and damage with ranged weapons and melee attacks
   (-3).
   It greatly protects you from cold.
   It insulates you from electricity.
   It lets you fly.
 W - a +0 tower shield (worn)
 Z - a +1 robe of the Archmagi
Jewellery
 d - a ring of see invisible (right hand)
 i - a +6 ring of strength
 m - a +4 ring of slaying
 r - an uncursed ring of protection from cold
 w - a +6 ring of strength
 y - an uncursed ring of fire {unknown}
 K - an uncursed ring of resist corrosion
 N - the ring of the Mage (left hand) {Wiz MR++ Int+3}
   (You took it off a merfolk on level 4 of the Shoals)

   [ring of wizardry]

   It improves your spell success rate.
   It affects your intelligence (+3).
   It affects your resistance to hostile enchantments.
 R - an amulet of regeneration (around neck)
 U - a +4 ring of protection
Wands
 a - a wand of clouds (5)
 t - a wand of digging (22)
Scrolls
 g - 25 scrolls of teleportation
 k - 8 scrolls of magic mapping
 l - 3 scrolls of summoning
 p - 22 scrolls of remove curse
 u - 4 scrolls of fog
 v - 5 scrolls of fear
 z - a scroll of acquirement
 G - 6 scrolls of identify
 I - 6 scrolls of blinking
 M - 4 scrolls of amnesia
 V - a scroll of enchant armour
 X - a scroll of brand weapon
Potions
 n - 9 potions of curing
 q - a potion of might
 x - 3 potions of resistance
 A - 4 potions of berserk rage
 B - 7 potions of lignification
 F - 2 potions of invisibility
 P - 3 potions of ambrosia
 Y - a potion of magic {unknown}
Comestibles
 f - 35 rations


   Skills:
 - Level 23.0 Fighting
 - Level 15.2 Maces & Flails
 - Level 23.0 Armour
 + Level 17.5 Shields
 - Level 20.0 Invocations


You had 22 spell levels left.
You knew the following spells:

 Your Spells              Type           Power        Failure   Level  Hunger
a - Blink                 Tloc           N/A          71%         2    ###....

Your spell library contained the following spells:

 Spells                   Type           Power        Failure   Level  Hunger
 Animate Skeleton         Necr           N/A          58%         1    ##.....
 Beastly Appendage        Tmut           #.....       58%         1    ##.....
 Corona                   Hex            #......      58%         1    ##.....
 Foxfire                  Conj/Fire      #...         58%         1    ##.....
 Freeze                   Ice            #...         58%         1    ##.....
 Infusion                 Chrm           #...         58%         1    ##.....
 Magic Dart               Conj           #...         58%         1    ##.....
 Pain                     Necr           #...         58%         1    ##.....
 Shock                    Conj/Air       #...         58%         1    ##.....
 Sting                    Tmut/Pois      #...         58%         1    ##.....
 Summon Butterflies       Summ           #.......     58%         1    ##.....
 Summon Small Mammal      Summ           #...         58%         1    ##.....
 Call Imp                 Summ           #.......     71%         2    ###....
 Corpse Rot               Necr/Air       N/A          71%         2    ###....
 Ensorcelled Hibernation  Hex/Ice        #.....       71%         2    ###....
 Passwall                 Tmut/Erth      #.......     71%         2    ###....
 Poisonous Vapours        Pois/Air       #.....       71%         2    ###....
 Searing Ray              Conj           #.....       71%         2    ###....
 Shroud of Golubria       Chrm/Tloc      #.....       71%         2    ###....
 Slow                     Hex            #.......     71%         2    ###....
 Song of Slaying          Chrm           #.......     71%         2    ###....
 Sticks to Snakes         Tmut           #.......     71%         2    ###....
 Swiftness                Chrm/Air       #.......     71%         2    ###....
 Call Canine Familiar     Summ           #.......     90%         3    ####...
 Confusing Touch          Hex            #.......     90%         3    ####...
 Conjure Flame            Conj/Fire      #.......     90%         3    ####...
 Dazzling Flash           Conj/Hex       #.....       90%         3    ####...
 Frozen Ramparts          Ice            #.....       90%         3    ####...
 Gell's Gravitas          Tloc           #.........   90%         3    ####...
 Ignite Poison            Fire/Tmut/Pois #.......     90%         3    ####...
 Inner Flame              Hex/Fire       #.......     90%         3    ####...
 Lesser Beckoning         Tloc           #.........   90%         3    ####...
 Mephitic Cloud           Conj/Pois/Air  #.......     90%         3    ####...
 Ozocubu's Armour         Chrm/Ice       #.......     90%         3    ####...
 Portal Projectile        Hex/Tloc       #.....       90%         3    ####...
 Spectral Weapon          Hex/Chrm       #.......     90%         3    ####...
 Spider Form              Tmut/Pois      #.........   90%         3    ####...
 Static Discharge         Conj/Air       #.......     90%         3    ####...
 Stone Arrow              Conj/Erth      #.....       90%         3    ####...
 Summon Guardian Golem    Hex/Summ       #.......     90%         3    ####...
 Teleport Other           Tloc           #.......     90%         3    ####...
 Tukima's Dance           Hex            #.......     90%         3    ####...
 Vampiric Draining        Necr           #.........   90%         3    ####...
 Airstrike                Air            #.........   99%         4    #####..
 Animate Dead             Necr           N/A          99%         4    #####..
 Cause Fear               Hex            #.........   99%         4    #####..
 Dispel Undead            Necr           #.......     99%         4    #####..
 Fulminant Prism          Conj/Hex       #.........   99%         4    #####..
 Hailstorm                Conj/Ice       #.......     99%         4    #####..
 Ice Form                 Ice/Tmut       #.......     99%         4    #####..
 Iskenderun's Mystic Bla  Conj/Tloc      #.......     99%         4    #####..
 Leda's Liquefaction      Hex/Erth       #.........   99%         4    #####..
 Olgreb's Toxic Radiance  Pois           #.......     99%         4    #####..
 Passage of Golubria      Tloc           N/A          99%         4    #####..
 Petrify                  Tmut/Erth      #.......     99%         4    #####..
 Sticky Flame             Conj/Fire      #.......     99%         4    #####..
 Summon Ice Beast         Ice/Summ       #.......     99%         4    #####..
 Summon Lightning Spire   Summ/Air       #.......     99%         4    #####..
 Agony                    Necr           #.......     100%        5    ######.
 Alistair's Intoxication  Tmut/Pois      #.......     100%        5    ######.
 Blade Hands              Tmut           #.........   100%        5    ######.
 Bolt of Magma            Conj/Fire/Erth #.........   100%        5    ######.
 Excruciating Wounds      Chrm/Necr      #.........   100%        5    ######.
 Fireball                 Conj/Fire      #.........   100%        5    ######.
 Irradiate                Conj/Tmut      #.........   100%        5    ######.
 Iskenderun's Battlesphe  Conj/Chrm      #.......     100%        5    ######.
 Lightning Bolt           Conj/Air       #.........   100%        5    ######.
 Metabolic Englaciation   Hex/Ice        #.........   100%        5    ######.
 Summon Mana Viper        Hex/Summ       #.......     100%        5    ######.
 Yara's Violent Unravell  Hex/Tmut       #.........   100%        5    ######.
 Conjure Ball Lightning   Conj/Air       #.........   100%        6    #######
 Darkness                 Hex            #.........   100%        6    #######
 Freezing Cloud           Conj/Ice/Air   #.........   100%        6    #######
 Iron Shot                Conj/Erth      #.........   100%        6    #######
 Shadow Creatures         Summ           N/A          100%        6    #######
 Malign Gateway           Summ/Tloc      #.........   100%        7    #######
 Orb of Destruction       Conj           #.........   100%        7    #######
 Ring of Flames           Chrm/Fire      #.........   100%        7    #######
 Spellforged Servitor     Conj/Summ      #.........   100%        7    #######
 Summon Hydra             Summ           #.........   100%        7    #######
 Shatter                  Erth           #.........   100%        9    #######
 Sublimation of Blood     Necr           Unusable     N/A         2    N/A
 Statue Form              Tmut/Erth      Unusable     N/A         6    N/A

Dungeon Overview and Level Annotations

Branches:
Dungeon (15/15)            Temple (1/1) D:5            Lair (6/6) D:10
 Shoals (4/4) Lair:4        Snake (4/4) Lair:3        Slime (0/5) Lair:5
    Orc (2/2) D:9             Elf (3/3) Orc:2        Vaults (5/5) D:13
  Crypt (0/3) Vaults:3     Depths (0/5) D:15          Sewer (visited)
  IceCv (visited)         Volcano (visited)          WizLab (visited)
Gauntlet (visited)

Altars:
Ashenzari
Cheibriados
Dithmenos
Elyvilon
Fedhas
Gozag
Hepliaklqana
Kikubaaqudgha
Makhleb
Nemelex Xobeh
Okawaru
Qazlal
Ru
Sif Muna
Trog
Uskayaw
Vehumet
Wu Jian
Xom
Yredelemnul
Zin
The Shining One
Beogh

Shops:
D:4 *   D:13 *   Orc:2 (**:%   Elf:1 =![(*   Elf:2 (   Vaults:1 ?   Vaults:3 :

Portals:
Trove: Vaults:1 (give 18 potions of curing)

Annotations:
Lair:3 exclusion: oklob plant
Lair:4 exclusion: 2 oklob plants


Innate Abilities, Weirdness & Mutations

You are resistant to torment.
Your stone body is resilient. (AC +19)
You are immune to poison.
Your large and strong wings let you fly indefinitely.
You resist negative energy. (rN+)
You are resistant to electric shocks. (rElec)
You can survive without breathing.
You are immune to petrification.
You are immune to rotting.
You are partially covered in molten scales. (AC +2)
You are partially covered in slimy green scales. (AC +2)
Your body sometimes deteriorates upon taking damage.
Your magical capacity is low. (-10% MP)


Message History

Qazlal accepts your kill.
You block the +0 flail of protection's attack.
You are too injured to fight recklessly!
You hit the lich but do no damage.
The lich is heavily damaged.
You block the +0 flail of protection's attack.
The ironheart preserver gestures wildly while chanting.
The ironheart preserver begins to accept its allies' injuries.
The lich touches you but does no damage.
You are too injured to fight recklessly!
You completely miss the lich.
The lich is heavily damaged.
You block the +0 flail of protection's attack.
You block the lich's attack.
You are too injured to fight recklessly!
You hit the lich.
The lich is heavily damaged.
The lich points at you and mumbles some strange words.
The bolt of acid hits you!!
You die...

#..# #..# #..# #..#
......#..#
...#...#..#
#......#○.#
#.#...#.○#
#....#@.#
#.#...p#(L#
#.....Dc.#
##############C...#
..................#
.............p....#
..................#
..................#
##############....#


You could see an ironheart preserver (empowered), a titan (sheltered), a
quicksilver dragon, a lich (fast, empowered, sheltered), a yaktaur captain
(strong, sheltered) and a +0 flail of protection (sheltered).

Vanquished Creatures
  Vashnia (Snake:4)
  Nikola (Vaults:1)
  A bone dragon (Abyss:5)
  2 tentacled monstrosities
  2 liches
  2 deep elf blademasters (Elf:3)
  2 deep elf master archers (Elf:3)
  A kraken (Shoals:3)
  A quicksilver dragon (Vaults:5)
  Frances (D:12)
  3 tentacled starspawn
  2 sphinxes (Vaults:3)
  2 storm dragons
  A shadow dragon (Vaults:2)
  A storm dragon (shapeshifter) (Elf:3)
  A tengu reaver (Vaults:5)
  Ilsuiw (Shoals:3)
  7 nagarajas (Snake:4)
  5 frost giants
  A fire giant (Vaults:4)
  11 deep elf sorcerers
  An orc warlord (Vaults:3)
  16 vault wardens
  A cacodemon (Abyss:4)
  Aizul (Elf:1)
  2 deep elf elementalists (Elf:3)
  15 ironheart preservers
  A very ugly thing (Vaults:3)
  An entropy weaver (Vaults:4)
  A war gargoyle (Vaults:4)
  6 stone giants
  8 deep elf demonologists
  A vampire knight (Vaults:3)
  A lorocyproca (Abyss:2)
  2 minotaurs
  10 purple draconians (WizLab)
  A yellow draconian (Abyss:5)
  3 deep elf annihilators
  6 deep elf death magi
  9 statues (WizLab)
  9 merfolk javelineers
  An ettin (shapeshifter) (Vaults:3)
  12 merfolk impalers
  3 ettins
  16 yaktaur captains
  Fannar (D:12)
  3 fire dragons
  6 deep elf high priests
  12 naga warriors
  Harold (D:7)
  2 great orbs of eyes
  35 vault guards
  3 rakshasas
  3 hydras (Lair:6)
  3 ice dragons
  4 death knights (Vaults:3)
  2 catoblepae
  2 satyrs (Shoals:3)
  14 ogre magi
  An alligator snapping turtle (Shoals:4)
  7 merfolk aquamancers
  13 anacondas
  32 dancing weapons
  7 centaur warriors
  38 two-headed ogres
  A death yak (IceCv)
  A deep troll earth mage (Vaults:3)
  A deep troll shaman (Vaults:4)
  2 thrashing horrors (Abyss:2)
  4 shock serpents
  2 hell knights
  2 orc high priests
  7 naga sharpshooters
  Sonja (Lair:2)
  25 deep elf knights
  4 skeletal warriors (D:12)
  6 wretched stars
  3 shadow wraiths
  2 salamander mystics (Snake:4)
  13 sea snakes
  A sixfirhy (Gauntlet)
  4 glowing orange brains
  An iron troll (Orc:1)
  12 deep trolls
  4 unseen horrors
  17 ironbrand convokers
  An unseen horror (shapeshifter) (Elf:3)
  17 deep elf archers
  A lindwurm (Lair:6)
  10 wizards
  9 naga ritualists
  A phantasmal warrior (Vaults:2)
  16 harpies
  A wolf spider (Vaults:1)
  3 necromancers
  2 human zombies (Vaults:3)
  A wolf spider zombie (D:14)
  8 orc knights
  12 mana vipers
  12 cyclopes
  3 orc sorcerers
  32 ugly things
  8 salamanders
  2 tengu skeletons
  2 worldbinders
  10 manticores
  8 merfolk sirens
  84 deep elf magi
  27 fauns
  5 toenail golems (Volcano)
  26 black mambas
  13 elephants
  A stone giant skeleton (Vaults:4)
  A fire giant skeleton (Vaults:3)
  12 vault sentinels
  7 guardian serpents
  3 molten gargoyles (Lair:6)
  16 naga magi
  2 torpor snails (Lair:1)
  2 yaktaur zombies
  6 water nymphs
  A smoke demon (Abyss:5)
  A gargoyle (Abyss:4)
  An ice statue (IceCv)
  6 kobold demonologists
  6 spiny frogs
  An efreet (D:13)
  32 yaktaurs
  A rime drake (Lair:4)
  4 freezing wraiths
  16 komodo dragons
  7 ancient zymes
  15 polar bears
  39 merfolk
  3 meliai (Shoals:3)
  A meliai (shapeshifter) (Vaults:4)
  7 wind drakes
  13 trolls
  A troll (shapeshifter) (D:15)
  15 blink frogs
  7 hornets
  Prince Ribbit (D:7)
  An ettin zombie (Vaults:2)
  20 slime creatures
  A meliai zombie (D:15)
  4 raiju
  A raiju (shapeshifter) (Vaults:4)
  A slime creature (shapeshifter) (D:15)
  11 snapping turtles
  18 dream sheep
  A dream sheep (shapeshifter) (Vaults:4)
  9 wyverns
  A flying skull (Abyss:2)
  16 hippogriffs
  4 shadows
  4 air elementals
  A centaur simulacrum (Gauntlet)
  2 ynoxinuls (Abyss:2)
  A redback (Vaults:4)
  18 water elementals
  4 wraiths
  74 yaks
  2 basilisks
  A fire elemental (Elf:3)
  A yak (shapeshifter) (Elf:1)
  3 neqoxecs
  2 steam dragons (Lair:6)
  4 wargs
  A yaktaur simulacrum (Vaults:2)
  3 hungry ghosts
  71 nagas
  8 vampire mosquitoes
  5 soldier ants
  3 acid dragons
  10 large abominations
  A soldier ant (shapeshifter) (Vaults:3)
  Duvessa (D:4)
  8 water moccasins
  17 porcupines
  A floating eye (shapeshifter) (Vaults:2)
  A hornet zombie (D:8)
  6 hell hounds
  4 sky beasts
  5 ice beasts
  An eye of draining (shapeshifter) (Vaults:2)
  An ettin simulacrum (Vaults:1)
  25 orc warriors
  4 phantoms
  3 black bears
  2 eyes of draining
  21 wolves
  42 ogres
  26 centaurs
  15 crocodiles
  5 big kobolds
  13 earth elementals
  22 bullfrogs
  2 gnoll sergeants
  An elf simulacrum (Vaults:1)
  2 human skeletons (Vaults:2)
  3 wyvern zombies
  Dowan (D:4)
  5 scorpions
  13 small abominations
  7 wights
  4 howler monkeys
  5 electric eels
  5 lava snakes (Lair:6)
  16 crimson imps
  2 wyvern simulacra (Gauntlet)
  23 starcursed masses (Abyss:2)
  5 centaur zombies
  3 human simulacra
  4 quasits
  8 hounds
  5 jellies
  11 orc priests
  26 orc wizards
  3 bullfrog skeletons
  6 centaur skeletons
  4 iguanas
  15 worker ants
  A bullfrog simulacrum (Gauntlet)
  A hound zombie (D:11)
  A worker ant zombie (D:6)
  11 gnolls
  15 adders
  6 shadow imps
  3 ufetubi (Gauntlet)
  4 oozes
  2 adder zombies
  2 adder skeletons
  3 worms
  2 dart slugs
  5 leopard geckos
  74 orcs
  4 ball pythons
  5 giant cockroaches
  10 goblins
  9 hobgoblins
  20 jackals
  34 kobolds
  5 quokkas
  11 bats
  11 frilled lizards
  A giant cockroach zombie (D:6)
  A quokka skeleton (D:6)
  7 rats
  4 crawling corpses
  2 plants
  4 tentacles (Shoals:3)
  A withered plant (Gauntlet)
1988 creatures vanquished.

Vanquished Creatures (collateral kills)
  A deep elf sorcerer (Vaults:5)
  A deep elf annihilator (Elf:3)
  2 deep elf death magi
  A large abomination (Vaults:5)
  An ironbrand convoker (Vaults:2)
  A mana viper (Snake:4)
  A deep elf mage (Elf:3)
  A faun (Shoals:3)
  A starcursed mass (Elf:3)
  A naga (Snake:4)
  3 orcs
14 creatures vanquished.

Vanquished Creatures (others)
  A lich (Vaults:4)
  A deep elf annihilator (Vaults:4)
  A merfolk aquamancer (Shoals:4)
  A satyr (Shoals:4)
  A thrashing horror (Abyss:2)
  A deep elf knight (Elf:1)
  An unseen horror (Vaults:1)
  A wolf spider (Vaults:1)
  2 deep elf magi
  A faun (Shoals:1)
  A manticore (Shoals:4)
  A water nymph (Shoals:4)
  A blink frog (Abyss:5)
  A flying skull (Abyss:2)
  A wraith (Abyss:4)
  A fire bat (Abyss:5)
  A chaos spawn (Abyss:5)
  An orc warrior (Elf:1)
  A wolf (IceCv)
  A small abomination (Abyss:5)
  An orc priest (D:13)
  An adder (D:12)
  A kobold (Abyss:4)
  6 fungi
  2 lurking horrors
  27 plants
  23 starspawn tentacles
  6 tentacles (Shoals:3)
88 creatures vanquished.

Grand Total: 2090 creatures vanquished

Notes
Turn   | Place    | Note
-------+----------+-------------------------------------------
     0 | D:1      | DoubleLucky the Gargoyle Fighter began the quest for the
                  | Orb.
     0 | D:1      | Reached XP level 1. HP: 14/14 MP: 1/1
   254 | D:1      | Reached XP level 2. HP: 18/19 MP: 2/2
   335 | D:1      | Reached XP level 3. HP: 9/23 MP: 3/3
  1321 | D:2      | Noticed an ice beast
  1340 | D:2      | Killed an ice beast
  1340 | D:2      | Reached XP level 4. HP: 20/29 MP: 4/4
  1340 | D:2      | Reached XP level 5. HP: 23/33 MP: 5/5
  2511 | D:3      | Reached XP level 6. HP: 39/39 MP: 6/6
  3083 | D:4      | Found Juisa's General Store.
  3262 | D:4      | Reached skill level 5 in Shields
  3272 | D:4      | Reached skill level 5 in Armour
  3273 | D:4      | Found a glowing drain.
  3282 | Sewer    | Entered a sewer
  3300 | Sewer    | Reached skill level 5 in Fighting
  3396 | Sewer    | Reached XP level 7. HP: 44/44 MP: 7/7
  4004 | D:4      | Found a shattered altar of Ashenzari.
  4148 | D:4      | Noticed Dowan
  4265 | D:4      | Killed Dowan
  4325 | D:4      | Noticed Duvessa
  4335 | D:4      | Killed Duvessa
  4552 | D:4      | Bought a scroll of enchant weapon for 82 gold pieces
  4552 | D:4      | Bought a scroll of remove curse for 33 gold pieces
  4663 | D:5      | Entered Level 5 of the Dungeon
  4763 | D:5      | Found a shadowy altar of Dithmenos.
  4769 | D:5      | Noticed a hippogriff
  4823 | D:5      | Reached XP level 8. HP: 51/51 MP: 8/8
  4948 | D:5      | Reached skill level 5 in Maces & Flails
  5003 | D:5      | Killed a hippogriff
  5088 | D:5      | Found a staircase to the Ecumenical Temple.
  5099 | Temple   | Entered the Ecumenical Temple
  5266 | Temple   | Became a worshipper of Qazlal Stormbringer
  5718 | D:6      | Reached XP level 9. HP: 56/56 MP: 9/9
  6234 | D:6      | Reached * piety under Qazlal
  6413 | D:6      | Learned a level 2 spell: Blink
  6680 | D:7      | Noticed Harold
  6730 | D:7      | Killed Harold
  6730 | D:7      | Reached XP level 10. HP: 25/64 MP: 10/10
  6738 | D:7      | Got a twisted chain mail
  6971 | D:7      | Identified the +8 chain mail of Reason {+Inv rN+++ Int-2}
                  | (You found it on level 7 of the Dungeon)
  7376 | D:7      | Found an ancient bone altar of Kikubaaqudgha.
  7376 | D:7      | Found a burning altar of Makhleb.
  7376 | D:7      | Noticed Prince Ribbit
  7383 | D:7      | Found a snail-covered altar of Cheibriados.
  7396 | D:7      | Killed Prince Ribbit
  7674 | D:8      | Found a sparkling altar of Nemelex Xobeh.
  7855 | D:8      | Reached ** piety under Qazlal
  8854 | D:9      | Found an iron altar of Okawaru.
  8955 | D:9      | Reached *** piety under Qazlal
  9259 | D:9      | Noticed a two-headed ogre
  9315 | D:9      | Killed a two-headed ogre
  9636 | D:9      | Reached XP level 11. HP: 71/71 MP: 11/11
  9928 | D:9      | Reached skill level 10 in Shields
 10258 | D:9      | Found a staircase to the Orcish Mines.
 10262 | D:9      | Reached **** piety under Qazlal
 10316 | D:10     | Entered Level 10 of the Dungeon
 10607 | D:10     | Found a staircase to the Lair.
 10711 | D:10     | Reached skill level 10 in Armour
 10962 | D:10     | Reached skill level 10 in Fighting
 10983 | D:10     | Identified the Incunabulum of Feathers and Hexes
 11679 | D:11     | Noticed a red ugly thing
 11683 | D:11     | Noticed a two-headed ogre
 11923 | D:10     | Killed a red ugly thing
 11937 | D:10     | Killed a two-headed ogre
 12090 | D:11     | Noticed a two-headed ogre
 12184 | D:10     | Killed a two-headed ogre
 12402 | D:11     | Reached ***** piety under Qazlal
 12599 | D:11     | Reached XP level 12. HP: 78/78 MP: 12/12
 13955 | D:12     | Reached skill level 10 in Maces & Flails
 14291 | D:12     | Noticed Fannar
 14301 | D:12     | Noticed a two-headed ogre
 14389 | D:12     | Killed a two-headed ogre
 14415 | D:12     | Killed Fannar
 14857 | D:12     | Reached XP level 13. HP: 71/84 MP: 13/13
 15305 | Lair:1   | Entered Level 1 of the Lair of Beasts
 15370 | Lair:1   | Found a gate leading to a gauntlet.
 15423 | Gauntlet | Entered a Gauntlet
 15423 | Gauntlet | Found a transporter.
 15423 | Gauntlet | Found a transporter.
 15457 | Gauntlet | Found a transporter.
 15460 | Gauntlet | Found a transporter.
 15461 | Gauntlet | Found a transporter.
 15461 | Gauntlet | Found a transporter.
 15513 | Gauntlet | Found a transporter.
 15513 | Gauntlet | Found a transporter.
 15517 | Gauntlet | Found a transporter.
 15517 | Gauntlet | Found a transporter.
 15564 | Gauntlet | Found a runed translucent door.
 15568 | Gauntlet | Found a runed translucent door.
 15570 | Gauntlet | Found a transporter.
 15570 | Gauntlet | Found a transporter.
 15634 | Gauntlet | Gained mutation: Armour fits poorly on your strangely
                  | shaped body. [potion of mutation]
 15634 | Gauntlet | Gained mutation: You have a pair of small horns on your
                  | head. [potion of mutation]
 15634 | Gauntlet | Gained mutation: You expend magic power (3 MP) to
                  | strengthen your wands. [potion of mutation]
 15635 | Gauntlet | Lost mutation: Armour fits poorly on your strangely shaped
                  | body. [potion of mutation]
 15635 | Gauntlet | Lost mutation: You expend magic power (3 MP) to strengthen
                  | your wands. [potion of mutation]
 15635 | Gauntlet | Lost mutation: You have a pair of small horns on your head.
                  | [potion of mutation]
 15635 | Gauntlet | Gained mutation: Your magical capacity is low. (-10% MP)
                  | [potion of mutation]
 15635 | Gauntlet | Gained mutation: Your mind is acute. (Int +2) [potion of
                  | mutation]
 15635 | Gauntlet | Gained mutation: You passively map a small area around you.
                  | [potion of mutation]
 15645 | Gauntlet | Lost mutation: Your mind is acute. (Int +2) [potion of
                  | mutation]
 15645 | Gauntlet | Lost mutation: You passively map a small area around you.
                  | [potion of mutation]
 15645 | Gauntlet | Lost mutation: Your magical capacity is low. (-10% MP)
                  | [potion of mutation]
 15645 | Gauntlet | Gained mutation: You are partially covered in molten
                  | scales. (AC +2) [potion of mutation]
 15645 | Gauntlet | Gained mutation: Your body sometimes deteriorates upon
                  | taking damage. [potion of mutation]
 15645 | Gauntlet | Gained mutation: You are partially covered in slimy green
                  | scales. (AC +2) [potion of mutation]
 15666 | Gauntlet | Noticed a minotaur
 15682 | Gauntlet | Killed a minotaur
 16044 | Lair:1   | Found a snail-covered altar of Cheibriados.
 16821 | Lair:1   | Got an ichor-stained hand crossbow
 16821 | Lair:1   | Identified the +2 hand crossbow of Tender Mercy {freeze,
                  | MR+ SInv} (You found it on level 1 of the Lair of Beasts)
 16895 | Lair:2   | Noticed Sonja
 17063 | Lair:2   | Found an ancient bone altar of Kikubaaqudgha.
 17188 | Lair:2   | Killed Sonja
 17975 | Lair:3   | Found a staircase to the Snake Pit.
 18980 | Lair:4   | Found a dark tunnel.
 19009 | Volcano  | Entered a volcano
 19018 | Volcano  | Paralysed by a wizard for 2 turns
 19033 | Volcano  | Gained mutation: Your large and strong wings let you fly
                  | indefinitely. [Gargoyle growth]
 19033 | Volcano  | Reached XP level 14. HP: 89/92 MP: 14/14
 19138 | Volcano  | Reached skill level 15 in Shields
 19742 | Lair:4   | Reached ****** piety under Qazlal
 19878 | Lair:4   | Found a staircase to the Shoals.
 20548 | Lair:5   | Reached skill level 1 in Invocations
 20623 | Lair:5   | Found a staircase to the Slime Pits.
 21557 | Lair:6   | Entered Level 6 of the Lair of Beasts
 21905 | Lair:6   | Found a large runed translucent door.
 21905 | Lair:6   | Found a large runed translucent door.
 22043 | Lair:6   | Reached XP level 15. HP: 100/100 MP: 18/18
 22264 | Lair:6   | Reached skill level 5 in Invocations
 22978 | Orc:1    | Entered Level 1 of the Orcish Mines
 23000 | Orc:1    | Paralysed by an orc sorcerer for 5 turns
 23072 | Orc:1    | Found a roughly hewn altar of Beogh.
 23229 | Orc:2    | Entered Level 2 of the Orcish Mines
 24295 | Orc:2    | Found Xuijet's Weapon Emporium.
 24444 | Orc:2    | Found Juxzint's General Store.
 24445 | Orc:2    | Found Kestrum's General Store.
 24446 | Orc:2    | Found Oranwup's Book Shop.
 24450 | Orc:2    | Found Etops's Food Boutique.
 24580 | Orc:2    | Found a staircase to the Elven Halls.
 24860 | Snake:1  | Entered Level 1 of the Snake Pit
 24968 | Snake:1  | Found a shimmering blue altar of Sif Muna.
 25963 | Snake:2  | Found a snail-covered altar of Cheibriados.
 26147 | Snake:2  | Reached XP level 16. HP: 105/107 MP: 22/22
 26914 | Snake:3  | Reached skill level 10 in Invocations
 27529 | Snake:4  | Entered Level 4 of the Snake Pit
 27596 | Snake:4  | Reached skill level 15 in Armour
 27630 | Snake:4  | Reached skill level 15 in Fighting
 28141 | Snake:4  | Noticed a nagaraja
 28155 | Snake:4  | Killed a nagaraja
 28200 | Snake:4  | Noticed a nagaraja
 28231 | Snake:4  | Killed a nagaraja
 28246 | Snake:4  | Noticed a nagaraja
 28250 | Snake:4  | Noticed a nagaraja
 28251 | Snake:4  | Noticed a nagaraja
 28259 | Snake:4  | Noticed Vashnia
 28262 | Snake:4  | Noticed a nagaraja
 28283 | Snake:4  | Killed a nagaraja
 28308 | Snake:4  | Noticed a nagaraja
 28333 | Snake:4  | Reached XP level 17. HP: 44/113 MP: 3/25
 28863 | Snake:4  | Cast into level 4 of the Abyss (Vashnia)
 29089 | Abyss:4  | Noticed a Hell Sentinel
 29089 | Abyss:4  | Noticed a tentacled starspawn
 29101 | Abyss:4  | Gained mutation: Your magical capacity is low. (-10% MP) [a
                  | neqoxec]
 29109 | Abyss:4  | Gained mutation: Your body often deteriorates upon taking
                  | damage. [a cacodemon]
 29198 | Abyss:4  | Noticed a lich
 29220 | Abyss:4  | Killed a lich
 29243 | Abyss:5  | Entered Level 5 of the Abyss
 29279 | Abyss:5  | Noticed a tentacled starspawn
 29288 | Abyss:5  | Found a corrupted altar of Lugonu.
 29297 | Abyss:5  | Noticed a bone dragon
 29361 | Abyss:5  | Killed a bone dragon
 29382 | Abyss:5  | Killed a tentacled starspawn
 29456 | Abyss:5  | Noticed a tentacled starspawn
 29464 | Abyss:5  | Killed a tentacled starspawn
 29465 | Abyss:5  | Noticed a lich
 29468 | Abyss:5  | Noticed a tentacled starspawn
 29468 | Snake:4  | Escaped the Abyss
 29495 | Snake:4  | Killed Vashnia
 30207 | Snake:4  | Reached skill level 15 in Maces & Flails
 30207 | Snake:4  | Reached XP level 18. HP: 120/120 MP: 23/25
 30261 | Snake:4  | Got a serpentine rune of Zot
 30642 | D:13     | Noticed Frances
 30704 | D:12     | Killed Frances
 31003 | D:13     | Found a stormy altar of Qazlal.
 31090 | D:13     | Found Gubaastu's Assorted Antiques.
 31094 | D:13     | Bought a scroll labeled JIRI LASHRESAUZ for 23 gold pieces
 31094 | D:13     | Bought a scroll of magic mapping for 80 gold pieces
 31157 | D:13     | Reached XP level 19. HP: 124/127 MP: 26/26
 31309 | D:13     | Found a gate to the Vaults.
 31370 | D:13     | Got a smouldering flail
 31371 | D:13     | Identified the cursed +0 flail "Ymuwafot" {drain, rF+ MP+9}
                  | (You found it on level 13 of the Dungeon)
 31622 | D:14     | Found a flickering gateway to a bazaar.
 31632 | Bazaar   | Entered a bazaar
 31650 | Bazaar   | Found Ihoss's Antique Weapon Shop.
 31663 | Bazaar   | Found Riwosyaq's Book Boutique.
 31663 | Bazaar   | Found Vutowun's Jewellery Shop.
 31689 | Bazaar   | Found Guqiross's Jewellery Shop.
 31726 | Bazaar   | Bought an uncursed ring of see invisible for 225 gold
                  | pieces
 32534 | D:14     | Got a spiked scale mail
 32535 | D:14     | Identified the +2 scale mail of Impressiveness {rPois Int+3
                  | Slay+3 Stlth-} (You found it on level 14 of the Dungeon)
 32671 | D:14     | Got an ivory hand axe
 32671 | D:14     | Identified the cursed +2 hand axe of Vengeance {elec, +Fly
                  | rF+ Str+4} (You found it on level 14 of the Dungeon)
 32864 | D:14     | Got a polished short sword
 32864 | D:14     | Identified the +8 short sword "Orafufa" {drain, rPois rC+
                  | MR+++ Int-3} (You found it on level 14 of the Dungeon)
 32893 | D:15     | Entered Level 15 of the Dungeon
 33104 | D:15     | Found a frozen archway.
 33113 | IceCv    | Entered an ice cave
 33716 | IceCv    | Identified the Catalogue of Bewitching Intoxication
 34635 | D:15     | Found a staircase to the Depths.
 34779 | D:15     | Reached skill level 15 in Invocations
 35367 | Elf:1    | Entered Level 1 of the Elven Halls
 35791 | Elf:1    | Found Otol Yse's Assorted Antiques.
 36040 | Elf:1    | Found Ykuem's Weapon Emporium.
 36098 | Elf:1    | Found Cott's Antique Armour Boutique.
 36219 | Elf:1    | Noticed Aizul
 36242 | Elf:1    | Killed Aizul
 36356 | Elf:1    | Identified the Volume of Conjuration
 36381 | Elf:1    | Found Sax Huy's Jewellery Shop.
 36515 | Elf:1    | Found Lalai's Distillery.
 36522 | Elf:1    | Bought a potion of curing for 45 gold pieces
 36522 | Elf:1    | Bought a potion of curing for 45 gold pieces
 36522 | Elf:1    | Bought a potion of curing for 45 gold pieces
 36522 | Elf:1    | Bought a potion of curing for 45 gold pieces
 36522 | Elf:1    | Bought a potion of curing for 45 gold pieces
 36522 | Elf:1    | Bought a potion of might for 60 gold pieces
 36770 | Elf:2    | Reached XP level 20. HP: 134/134 MP: 28/28
 37137 | Elf:2    | Found a runed translucent gate.
 37137 | Elf:2    | Found a runed translucent gate.
 37137 | Elf:2    | Found a runed translucent gate.
 37194 | Elf:2    | Found Udatost's Weapon Emporium.
 37980 | Elf:3    | Entered Level 3 of the Elven Halls
 37987 | Elf:2    | Got a shimmering buckler
 37997 | Elf:2    | Identified the +2 buckler "Couderure" {+Inv rF++ Int+2}
                  | (You found it on level 2 of the Elven Halls)
 38683 | Elf:3    | Identified the +3 leather armour of Follow the Leader
                  | {*Contam rN+ SInv}
 39054 | Elf:3    | Identified the +3 flail of Death {vorpal, rPois Int+4}
 39067 | Elf:3    | Noticed a Brimstone Fiend
 39082 | Elf:3    | Cast into level 2 of the Abyss (a deep elf sorcerer)
 39352 | Abyss:2  | Paralysed by accursed screaming for 1 turns
 39365 | Abyss:2  | Reached XP level 21. HP: 130/144 MP: 23/23
 39661 | Abyss:2  | Lost mutation: Your body often deteriorates upon taking
                  | damage. [a neqoxec]
 39924 | Elf:3    | Escaped the Abyss
 40091 | Elf:3    | Identified the Tome of Earthen Flames
 40102 | Elf:3    | Got a ruby-studded chain mail
 40112 | Elf:3    | Identified the cursed +1 chain mail of Mental Paralysis
                  | {rN+ MP+9 Int+3} (You found it on level 3 of the Elven
                  | Halls)
 40182 | Elf:3    | Got a faintly humming chain mail
 40220 | Elf:3    | Identified the +4 chain mail of a Gauntlet {rElec Dex+4}
                  | (You found it on level 3 of the Elven Halls)
 40574 | Shoals:1 | Entered Level 1 of the Shoals
 42577 | Shoals:3 | Noticed Ilsuiw
 42621 | Shoals:3 | Killed Ilsuiw
 42926 | Shoals:3 | Found a hide-covered altar of Uskayaw.
 43676 | Shoals:4 | Entered Level 4 of the Shoals
 43717 | Shoals:4 | Identified the +6 ring mail of Impressiveness {Str+3}
 43751 | Shoals:3 | Reached XP level 22. HP: 82/153 MP: 24/30
 44936 | Shoals:4 | Found the +2 cloak of the Thief {+Fog Slay-2 SInv Stlth+}
 45152 | Shoals:4 | Identified a +1 pair of boots of running (You found it on
                  | level 4 of the Shoals)
 45461 | Shoals:4 | Got a barnacled rune of Zot
 45567 | Shoals:4 | Got a brightly glowing spear
 45567 | Shoals:4 | Identified the +8 spear of Vawuga {elec, rPois Str-4 Int+2}
                  | (You found it on level 4 of the Shoals)
 45813 | Vaults:1 | Entered Level 1 of the Vaults
 46019 | Vaults:1 | Identified the +1 pair of gloves "Kavovva" {+Fly rElec rC++
                  | Slay-3}
 46019 | Vaults:1 | Noticed Nikola
 46044 | Vaults:1 | Killed Nikola
 46206 | Vaults:1 | Found Muapy's Magic Scroll Shoppe.
 46213 | Vaults:1 | Bought a scroll of teleportation for 54 gold pieces
 46213 | Vaults:1 | Bought a scroll of teleportation for 54 gold pieces
 46213 | Vaults:1 | Bought a scroll of blinking for 135 gold pieces
 46213 | Vaults:1 | Bought a scroll of teleportation for 54 gold pieces
 46213 | Vaults:1 | Bought 2 scrolls of teleportation for 108 gold pieces
 46213 | Vaults:1 | Bought a scroll of enchant armour for 135 gold pieces
 46846 | Vaults:1 | Found a portal to a secret trove of treasure.
 47486 | Vaults:1 | Got an encrusted scale mail
 47496 | Vaults:1 | Identified the cursed +0 scale mail of Teywne {Str+6} (You
                  | found it on level 1 of the Vaults)
 47886 | Vaults:2 | Identified a scroll of acquirement
 48347 | Vaults:2 | Reached XP level 23. HP: 159/161 MP: 31/31
 49934 | Vaults:3 | Found Veunuum's Book Shop.
 50366 | Vaults:3 | Found a staircase to the Crypt.
 51279 | Vaults:4 | Reached XP level 24. HP: 135/170 MP: 32/32
 51582 | Vaults:4 | Found a magical portal.
 51604 | WizLab   | Entered Iskenderun's Mystic Tower
 52288 | WizLab   | Identified Iskenderun's Disquisition on Confrontation
 52288 | WizLab   | Identified Iskenderun's Incunabulum of Conjuration
 52831 | Vaults:4 | Identified the Grimoire of the Badger
 54111 | Vaults:5 | Entered Level 5 of the Vaults
 54144 | Vaults:5 | Reached XP level 25. HP: 66/176 MP: 12/33
 54146 | Vaults:5 | HP: 6/176 [quicksilver dragon (10)]
 54180 | Vaults:5 | Killed from afar by a lich

Illustrated notes

Levels and vault maps discovered:
D:1:      dpeg_arrival_three_bigger_balls, layout_rooms, grunt_decor_resistance,
          kennysheep_decorative_pillar
D:2:      layout_basic, cheibrodos_gnoll_hut
D:3:      kennysheep_big_flooded_room, layout_basic, first_ration
D:4:      layout_gridville, nicolae_ashenzari_panopticon, portal_sewer_entry_d,
          serial_shops, shop, uniq_duvessa
D:5:      layout_rooms, nicolae_dithmenos_shadow_blocks,
          minmay_temple_entry_poolview
D:6:      wad_guarded_room, layout_rooms, grunt_ministairs_4
D:7:      layout_rooms, gammafunk_temple_overflow_claw, uniq_prince_ribbit1,
          uniq_harold
D:8:      layout_basic, basic_altar
D:9:      layout_long_grid, nicolae_overflow_crystal_walls, david_orc_1_choice
D:10:     layout_irregular_city, erik_lair_island
D:11:     layout_irregular_city
D:12:     kennysheep_ambush_hall, layout_gridville, uniq_fannar
D:13:     layout_cave_pools, skrybe_vaults_entry_preservation, basic_altar,
          serial_shops, shop_statue, uniq_frances
D:14:     layout_basic, minmay_misc_feat_doors, serial_shops,
          bzr_entry_lakeside, blue_anna_alchemist [blue_anna_fruit_fields,
          blue_anna_fruit_fields], chequers_serial_rivers_small_b
D:15:     gammafunk_enter_depths_forms, layout_gridville,
          portal_ice_cave_entry_pillars_2, corexii_hall_statues_x, hex_tiny
Temple:   eino_temple_scatter_basement
Lair:1:   layout_cave_pods, gauntlet_entry_generic, kennysheep_snail_temple
Lair:2:   layout_small_grid, basic_altar, grunt_megastairs_2, uniq_sonja
Lair:3:   layout_roguey, guppyfry_snake_entry_garden, minmay_lair_oklob_items,
          beast_lair_carwin_2, infiniplex_staircase_pool_2
Lair:4:   layout_cave_pods, shoals_dummy_entry, enter_volcano_3,
          minmay_lair_oklob_chamber
Lair:5:   layout_hall_layers, nicolae_slime_entry_slimehenge, grunt_megastairs_1
Lair:6:   cheibrodos_lair_end_hotspot, layout_regular_city,
          infiniplex_staircase_pool
Shoals:1: layout_shoals, nicolae_shoals_water_elemental_grotto
Shoals:2: layout_shoals, nicolae_shoals_wave_tunnel
Shoals:3: layout_shoals, regret_index_shoals_crete, uniq_ilsuiw
Shoals:4: shoals_end_simple, layout_shoals, nicolae_shoals_water_shrine
Snake:1:  layout_chambers, basic_altar, grunt_ministairs_1
Snake:2:  layout_misc_corridors, basic_altar, chequers_hall_statues_wall_a
Snake:3:  layout_grid_maze, grunt_ministairs_8
Snake:4:  johnstein_snake_rune_scales, layout_grid_shapes,
          hangedman_snake_pattern
Orc:1:    layout_caves, basic_altar, nicolae_orc_sculptors_studio,
          roderic_batcave, trog_book
Orc:2:    st_orc_open, layout_caves, serial_shops, shop
Elf:1:    eino_elf_arrival_customs, layout_rooms, serial_glass, glass_columns_b,
          glass_columns_a, glass_columns_b, glass_columns_b, glass_columns_a,
          glass_columns_b, glass_columns_a, glass_columns_a, serial_shops, shop,
          nicolae_shop_overgrown_old_shop, shop_fountains,
          nicolae_shop_behind_doors, shop, minmay_elf_annihilation,
          minivault_14, uniq_aizul
Elf:2:    layout_geoelf_octagon, serial_shops, nicolae_shop_crystal
Elf:3:    minmay_elf_hall_dome, layout_geoelf_octagon
Vaults:1: v_misc_9, nicolae_vaults_little_squares_4, grunt_vaults_focal,
          st_cells, v_misc_27, ontoclasm_vaults_bender,
          vaults_room_stairs_pillars, v_alt_pattern_4, grunt_vaults_bifocal,
          v_misc_24, v_misc_14, nicolae_vaults_rhombus_5, vaults_mumra_lcd,
          layout_vaults_ring, serial_shops, nicolae_shop_crystal,
          nicolae_trove_entry_columns, uniq_nikola
Vaults:2: hangedman_vaults_restitches, v_misc_15, v_misc_23,
          nicolae_vaults_little_squares_2, ontoclasm_vaults_eye,
          nicolae_vaults_inception_statues, nicolae_vaults_know_your_exits,
          v_rooms_2, v_misc_25, hangedman_vaults_unwind,
          ontoclasm_vaults_shuriken, ontoclasm_vaults_ligature,
          layout_vaults_omnibox
Vaults:3: dpeg_vaults_monster_row, nicolae_vaults_network_star, v_misc_27,
          vaults_room_semicircle, nicolae_vaults_disjoint_gnomons, v_pattern_2,
          minmay_crypt_entry_simple_sparse, dpeg_vaults_pockets_of_resistance,
          vaults_room_stairs_pillars, nicolae_vaults_rhombus_7, v_misc_22,
          v_misc_10, vaults_room_large_hall, layout_vaults_maze_snakey,
          serial_shops, shop_statue
Vaults:4: vaults_room_hangedman_quadrants, vaults_mumra_minichess_inversion,
          ontoclasm_vaults_gateway, vaults_standard_mumra_x, vaults_dpeg_ring,
          grunt_vaults_funnel, nicolae_vaults_mini_display_case,
          nicolae_vaults_yaktaur_gun_rack, layout_vaults_quadrants,
          lightli_enter_wizlab_magi_temple
Vaults:5: serial_shops

Skill      XL: |  1  2  3  4  5  6  7  8  9 10 11 12 13 14 15 16 17 18 19 20 21 22 23 24 |
---------------+-------------------------------------------------------------------------+-----
Fighting       | 4 5 6 8 9 10 11 12 13 14 15 16 17 19 20 21 22 23 | 23.0
Maces & Flails | 3 4 5 7 8 9 10 11 12 13 14 15 | 15.2
Armour         | 4 5 6 8 9 10 11 12 13 14 15 16 17 19 20 22 23 | 23.0
Shields        | 4 5 6 8 9 11 13 14 15 17 | 17.5
Invocations    | 4 9 10 13 16 17 18 20 | 20.0

Action                   |  1- 3 |  4- 6 |  7- 9 | 10-12 | 13-15 | 16-18 | 19-21 | 22-24 | 25-27 || total
-------------------------+-------+-------+-------+-------+-------+-------+-------+-------+-------++-------
Melee: Flail             |   152 |   197 |   337 |  1095 |  1596 |  1315 |  2606 |  2457 |    13 ||  9768
Throw: Javelin           |       |       |     9 |    26 |       |       |       |     4 |       ||    39
       Throwing net      |       |       |       |       |     3 |       |     1 |       |       ||     4
 Cast: Blink             |       |       |       |       |       |       |       |     5 |       ||     5
Invok: Elemental Force   |       |       |       |     1 |     1 |     4 |     3 |     5 |       ||    14
       Disaster Area     |       |       |       |       |     2 |       |     1 |     4 |       ||     7
       Upheaval          |       |       |       |       |     1 |     8 |    44 |    13 |       ||    66
 Abil: Fly               |       |       |       |       |     1 |       |       |       |       ||     1
       Stop Flying       |       |       |       |       |       |       |       |     1 |       ||     1
Evoke: Wand              |       |       |     9 |    20 |       |       |       |       |       ||    29
  Use: Scroll            |       |     6 |     5 |    14 |    12 |     5 |    22 |     3 |     2 ||    69
       Potion            |       |       |     4 |       |     6 |     3 |    21 |       |     2 ||    36
 Stab: Paralysed         |       |       |       |     2 |       |       |       |       |       ||     2
       Petrified         |       |       |       |       |     4 |       |       |       |       ||     4
       Distracted        |       |       |       |       |       |       |     1 |     2 |       ||     3
  Eat: Chunk             |     2 |     7 |     4 |     5 |    10 |     8 |     7 |    11 |       ||    54
       Ration            |       |       |     2 |     7 |     9 |     4 |    10 |     7 |       ||    39
Armor: Scale mail        |   105 |   134 |   200 |    11 |       |       |       |       |       ||   450
       Chain mail        |       |       |       |   473 |   664 |   667 |  1368 |  1105 |    17 ||  4294
       Skin              |       |       |       |       |       |       |     1 |       |       ||     1
Dodge: Dodged            |    51 |    78 |   126 |   178 |   277 |   245 |   571 |   387 |    10 ||  1923
       Repelled          |       |       |       |     4 |    19 |    63 |    72 |    80 |       ||   238
Block: Kite shield       |    96 |   121 |   208 |   990 |  1529 |  1544 |  2509 |  1550 |       ||  8547
       Tower shield      |       |       |       |       |       |       |       |   875 |    23 ||   898
